 Dungeon Crawl Stone Soup version 0.31.0-32-g396128a36d (webtiles) character file.

Game seed: 12015685099606693549

13321 Peloso the Carver (level 11, -4/101 HPs)
             Began as a Minotaur Fighter on Mar 23, 2024.
             Was a High Priest of Okawaru.
             Incinerated by a deep elf pyromancer (10 damage)
             ... with a pyre arrow
             ... on level 11 of the Dungeon.
             The game lasted 00:22:12 (8830 turns).

Peloso the Carver (Minotaur Fighter)                Turns: 8830, Time: 00:22:12

Health: -4/101     AC: 19    Str: 21    XL:     11   Next: 74%
Magic:  10/10      EV:  7    Int:  5    God:    Okawaru [*****.]
Gold:   501        SH:  6    Dex: 14    Spells: 10/10 levels left

rFire   . . .        a - +2 scimitar
rCold   . . .        d - +0 buckler
rNeg    . . .        r - +0 plate armour
rPois   .            (helmet restricted)
rElec   .            c - +0 cloak
rCorr   +            I - +1 pair of gloves
SInv    .            (no boots)
Will    +....        H - amulet of regeneration Stlth
                     C - ring of resist corrosion
HPRegen 1.16/turn    (no ring)
MPRegen 0.12/turn

%: no passive effects
@: on fire, enlightened, flying, hasted, glowing, very quick
A: horns 2, retaliatory headbutt
a: Renounce Religion, Heroism, Finesse, Duel


You were on level 11 of the Dungeon.
You worshipped Okawaru.
Okawaru was extremely pleased with you.
You visited 2 branches of the dungeon, and saw 12 of its levels.

You collected 673 gold pieces.
You spent 172 gold pieces at shops.

Inventory:

Hand Weapons
 a - a +2 scimitar (weapon)
 b - a +2 whip of flaming
Armour
 c - a +0 cloak (worn)
 d - a +0 buckler (worn)
 r - a +0 plate armour (worn)
 I - a +1 pair of gloves (worn)
Jewellery
 g - an amulet of faith
 k - a ring of ice
 n - a +4 ring of protection
 p - an amulet of guardian spirit
 C - a ring of resist corrosion (left hand)
 E - an amulet of magic regeneration
 G - a ring of wizardry
 H - an amulet of regeneration (around neck)
 J - a ring of positive energy
 Q - a ring of see invisible
Talismans
 h - a talisman of death
 L - a flux talisman
 N - a serpent talisman
Wands
 f - a wand of digging (4)
 l - a wand of flame (7)
 s - a wand of mindburst (14)
 A - a wand of acid (6)
 F - a wand of polymorph (11)
Scrolls
 j - 4 scrolls of vulnerability {unknown}
 o - a scroll of amnesia
 t - 4 scrolls of teleportation
 u - 2 scrolls of butterflies {unknown}
 v - 3 scrolls of revelation {unknown}
 w - a scroll of poison
 y - 4 scrolls of fear {unknown}
 z - 2 scrolls of identify
 B - a scroll of fog
 D - 3 scrolls of blinking {unknown}
 K - a scroll of immolation
 M - a scroll of enchant armour
 O - a scroll of brand weapon
 P - a scroll of enchant weapon
Potions
 i - 2 potions of might
 m - a potion of enlightenment
 x - a potion of haste
 R - a potion of mutation


   Skills:
 + Level 10.6 Fighting
 + Level 14.2 Long Blades
 + Level 12.4 Armour
 + Level 2.4 Dodging
 + Level 1.5 Stealth
 + Level 8.2 Shields
 + Level 0.8 Invocations
 + Level 2.0 Evocations


You had 10 spell levels left.
You didn't know any spells.
Your spell library contained the following spells:

 Spells                   Type           Power      Damage    Failure   Level
 Apportation              Tloc           0%         N/A       100%        1
 Sandblast                Erth           0%         2d4       100%        1
 Cigotuvi's Dreadful Rot  Necr/Alch/Air  0%         N/A       100%        2
 Jinxbite                 Hex            0%         N/A       100%        2
 Ignite Poison            Fire/Alch      0%         N/A       100%        4
 Passage of Golubria      Tloc           0%         N/A       100%        4
 Alistair's Intoxication  Alch           0%         N/A       100%        5
 Freezing Cloud           Conj/Ice/Air   0%         6-21      100%        5
 Lee's Rapid Deconstruct  Erth           0%         3d4*      100%        5
 Yara's Violent Unravell  Hex/Alch       0%         3d3       100%        5
 Shatter                  Erth           0%         3d5*      100%        9
 Tukima's Dance           Hex            Unusable   N/A       N/A         3

Dungeon Overview and Level Annotations

Branches:
Dungeon (11/15)            Temple (1/1) D:6            Lair (0/5) D:8
    Orc (0/2) D:9

Altars:
Ashenzari
Cheibriados
Dithmenos
Elyvilon
Fedhas
Gozag
Hepliaklqana
Kikubaaqudgha
Makhleb
Nemelex Xobeh
Okawaru
Qazlal
Ru
Sif Muna
Trog
Uskayaw
Vehumet
Wu Jian
Xom
Yredelemnul
Zin
The Shining One

Shops:
D:4 :   D:9 [**?   D:10 =

Annotations:
D:5 1 runed translucent door, destino's ghost, novice OpAl


Innate Abilities, Weirdness & Mutations

You have a pair of horns on your head.
You reflexively headbutt those who attack you in melee.


Message History

The fire elemental hits you. The fire elemental burns you!
Unknown command.
You feel better. The liquid fire burns you!
You feel like a meek peon again. The fire elemental hits you.
The fire elemental burns you!
* * * LOW HITPOINT WARNING * * *
The fire elemental hits you.
* * * LOW HITPOINT WARNING * * *
The fire elemental burns you!
* * * LOW HITPOINT WARNING * * *
You are confused.
You feel invigorated. The liquid fire burns you!
* * * LOW HITPOINT WARNING * * *
Your surroundings suddenly seem different.
You shake off some of the fire as you move.
The liquid fire burns you!
* * * LOW HITPOINT WARNING * * *
Okay, then.
You shake off some of the fire as you move.
The liquid fire burns you!
* * * LOW HITPOINT WARNING * * *
You feel yourself speed up. The liquid fire burns you!
* * * LOW HITPOINT WARNING * * *
You feel better. The liquid fire burns you!
* * * LOW HITPOINT WARNING * * *
You feel less invigorated.
Okay, then.
As you read the scroll of identify, it crumbles to dust.
R - a potion of mutation The liquid fire burns you!
* * * LOW HITPOINT WARNING * * *
Okay, then.
You feel very buoyant.
You fly up into the air.
The liquid fire burns you!
You die...

......##...##..#........#
#
..##..##...#######'#....#
#
..##...............#....#
...................#....#
...../..<..........#....#
..##...............#....#
####...............#....#
...#...............#....#
..##..##........@..#....#
..##..##...........#....#
####........)......#....#
......##...##).....#....#
..##..#######.(....#....#
. #####...........#....#
#...#.....).....'....#
#...'.[.........#....#
###'##...........#....#


There were no monsters in sight!

Vanquished Creatures
  3 two-headed ogres
  Amaemon (D:8)
  Pikel (D:7)
  A cyclops (D:9)
  An orange demon (D:8)
  Jeremiah (D:8)
  A gargoyle (D:10)
  An unseen horror (D:10)
  5 kobold demonologists
  2 trolls (D:9)
  2 hornets (D:9)
  Prince Ribbit (D:7)
  A shadow (D:9)
  2 wraiths
  2 wyverns
  2 fire elementals (D:11)
  6 yaks (D:9)
  An acid dragon (D:10)
  6 orc warriors
  An ice beast (D:5)
  2 black bears
  3 ogres
  3 centaurs
  2 lemures
  4 phantoms
  6 bullfrogs
  2 kobold brigands
  3 gnoll sergeants
  5 scorpions
  9 wights
  5 killer bees
  7 electric eels (D:10)
  4 howler monkeys
  A lava snake (D:7)
  5 bombardier beetles
  A jelly (D:8)
  2 hounds
  4 orc priests
  A gnoll bouda (D:6)
  5 iguanas
  5 orc wizards
  21 gnolls
  11 adders
  4 white imps
  3 dart slugs (D:2)
  A ribbon worm (D:2)
  35 orcs
  4 ball pythons
  10 endoplasms
  11 giant cockroaches
  9 goblins
  11 hobgoblins
  A jackal (D:3)
  A quokka (D:3)
  7 bats
  4 frilled lizards
  13 kobolds
  5 rats
271 creatures vanquished.

Notes
Turn   | Place    | Note
-------+----------+-------------------------------------------
     0 | D:1      | Peloso the Minotaur Fighter began the quest for the Orb.
     0 | D:1      | Reached XP level 1. HP: 19/19 MP: 0/0
    75 | D:1      | Reached XP level 2. HP: 27/27 MP: 1/1
   727 | D:2      | Reached XP level 3. HP: 33/33 MP: 2/2
   761 | D:2      | Found a hazy altar of Hepliaklqana.
   777 | D:2      | Reached skill level 3 in Long Blades
  1084 | D:2      | Reached XP level 4. HP: 32/41 MP: 3/3
  1163 | D:2      | Reached skill level 1 in Dodging
  1467 | D:3      | Reached skill level 4 in Long Blades
  1564 | D:3      | Reached XP level 5. HP: 46/47 MP: 4/4
  1650 | D:3      | Found a sacrificial altar of Ru.
  1700 | D:3      | Reached skill level 5 in Armour
  1837 | D:3      | Reached skill level 5 in Long Blades
  2041 | D:4      | Noticed a phantom
  2044 | D:4      | Reached XP level 6. HP: 53/53 MP: 5/5
  2177 | D:4      | Found a blossoming altar of Fedhas.
  2354 | D:4      | Reached skill level 6 in Long Blades
  2354 | D:4      | Reached skill level 1 in Stealth
  2354 | D:4      | Reached XP level 7. HP: 8/60 MP: 1/6
  2611 | D:4      | Found Yruwk's Vocational Training.
  2696 | D:5      | Entered Level 5 of the Dungeon
  2702 | D:5      | Reached skill level 5 in Fighting
  2868 | D:5      | Found a radiant altar of Vehumet.
  2869 | D:5      | Found a glowing golden altar of the Shining One.
  2927 | D:5      | Reached skill level 5 in Shields
  2938 | D:5      | Reached skill level 7 in Long Blades
  2944 | D:5      | Found a runed translucent door.
  2944 | D:5      | Noticed destino's ghost (novice OpAl)
  3133 | D:5      | Reached XP level 8. HP: 48/68 MP: 4/7
  3226 | D:5      | Found an opulent altar of Gozag.
  3227 | D:5      | Found a broken altar of Ashenzari.
  3854 | D:6      | Reached skill level 8 in Long Blades
  4136 | D:6      | Found a staircase to the Ecumenical Temple.
  4337 | Temple   | Entered the Ecumenical Temple
  4358 | Temple   | Became a worshipper of Warmaster Okawaru
  4442 | D:6      | Found an ancient bone altar of Kikubaaqudgha.
  4872 | D:7      | Found a hide-covered altar of Uskayaw.
  4949 | D:7      | Reached skill level 9 in Long Blades
  4963 | D:7      | Reached XP level 9. HP: 79/79 MP: 8/8
  5139 | D:7      | Reached * piety under Okawaru
  5196 | D:7      | Noticed Prince Ribbit
  5219 | D:7      | Killed Prince Ribbit
  5259 | D:7      | Reached skill level 10 in Long Blades
  5771 | D:8      | Reached ** piety under Okawaru
  5793 | D:8      | Noticed Jeremiah
  5798 | D:8      | Noticed Pikel
  5833 | D:7      | Killed Pikel
  5834 | D:7      | Reached skill level 11 in Long Blades
  5960 | D:8      | Killed Jeremiah
  5992 | D:8      | Found a shadowy altar of Dithmenos.
  5998 | D:8      | Reached XP level 10. HP: 87/88 MP: 9/9
  6070 | D:8      | Got the Folio of the Rocks
  6252 | D:8      | Found a staircase to the Lair.
  6265 | D:8      | Reached skill level 1 in Evocations
  6297 | D:8      | Found a glowing silver altar of Zin.
  6349 | D:8      | Found a burning altar of Makhleb.
  6379 | D:8      | Noticed Amaemon
  6387 | D:8      | Noticed an orange demon
  6401 | D:8      | Killed Amaemon
  6401 | D:8      | Reached *** piety under Okawaru
  6402 | D:8      | Reached skill level 12 in Long Blades
  6405 | D:8      | Killed an orange demon
  6479 | D:9      | Found Urphunes's General Store.
  6496 | D:9      | Noticed a cyclops
  6583 | D:9      | Reached skill level 10 in Armour
  6585 | D:9      | Reached **** piety under Okawaru
  6699 | D:9      | Reached skill level 13 in Long Blades
  6779 | D:9      | Killed a cyclops
  6779 | D:9      | Reached ***** piety under Okawaru
  7020 | D:9      | Reached XP level 11. HP: 97/97 MP: 10/10
  7086 | D:9      | Received a gift from Okawaru
  7157 | D:9      | Found Bogoodoo's Magic Scroll Boutique.
  7163 | D:9      | Found a shimmering altar of Xom.
  7179 | D:9      | Reached skill level 10 in Fighting
  7191 | D:9      | Bought a scroll of brand weapon for 152 gold pieces
  7280 | D:9      | Found a staircase to the Orcish Mines.
  7373 | D:9      | Noticed a two-headed ogre
  7382 | D:9      | Killed a two-headed ogre
  7401 | D:9      | Found Tadininn's Antique Armour Shop.
  7435 | D:9      | Found Zetof's General Store.
  7438 | D:9      | Bought a scroll of identify for 20 gold pieces
  7598 | D:10     | Entered Level 10 of the Dungeon
  7642 | D:10     | Noticed a two-headed ogre
  7684 | D:10     | Killed a two-headed ogre
  7833 | D:10     | Noticed a two-headed ogre
  7839 | D:10     | Killed a two-headed ogre
  7840 | D:10     | Reached skill level 14 in Long Blades
  8053 | D:10     | Noticed a soul eater
  8059 | D:10     | Noticed a sixfirhy
  8251 | D:10     | Found Kiag Qiu's Jewellery Emporium.
  8474 | D:11     | Received a gift from Okawaru
  8804 | D:11     | Noticed a deep elf pyromancer
  8805 | D:11     | Noticed a deep elf pyromancer
  8826 | D:11     | HP: 3/101 [burnt (10)]
  8830 | D:11     | Incinerated by a deep elf pyromancer

Illustrated notes

Levels and vault maps discovered:
D:1:      orjb1_lava_funnel, layout_basic
D:2:      layout_rooms, basic_altar
D:3:      minmay_chambers_of_threes, layout_rooms,
          nicolae_ru_great_annihilating_truth
D:4:      layout_cave_pools, fedhas_altar_2, nicolae_shop_vocational
D:5:      layout_rooms, mainiacjoe_overflow_large_starburst,
          gammafunk_temple_overflow_statue, gammafunk_ghost_grave,
          nicolae_fountain_basement
D:6:      layout_basic, mainiacjoe_overflow_paths, minmay_temple_entry_hall,
          serial_glass, glass_columns_c, glass_columns_c
D:7:      layout_basic, nicolae_uskayaw_dance_studio, kennysheep_cross_room,
          uniq_prince_ribbit1
D:8:      layout_rooms, zin_academy, bloody_makhleb,
          nicolae_dithmenos_shadow_blocks, lair_entry_dummy, uniq_jeremiah,
          uniq_pikel, uniq_amaemon
D:9:      layout_long_grid, mainiacjoe_overflow_chevrons, orc_0_dummy,
          serial_shops, shop, nicolae_shop_crystal, nicolae_shop_peninsula,
          kennysheep_mini_moat, minmay_mirror_moons_of_madness
D:10:     layout_basic, serial_shops, nicolae_shop_gaudy_bauble
D:11:     cheibrodos_lost_city_excavation, layout_gridville,
          minmay_misc_feat_encased
Temple:   nicolae_temple_two_arcs

Skill      XL: |  1  2  3  4  5  6  7  8  9 10 11 |
---------------+----------------------------------+-----
Fighting       | 4 5 7 9 10 | 10.6
Armour         | 4 5 6 7 9 10 12 | 12.4
Shields        | 4 5 6 7 8 |  8.2
Long Blades    | 3 4 5 6 7 9 11 13 14 | 14.2
Dodging        | 1 2 |  2.4
Stealth        | 1 |  1.5
Evocations     | 1 2 |  2.0
Invocations    | |  0.8

Action                     |  1- 3 |  4- 6 |  7- 9 | 10-12 || total
---------------------------+-------+-------+-------+-------++-------
  Melee: Long sword        |    91 |   145 |   207 |       ||   443
         Headbutt          |    11 |    24 |    76 |    91 ||   202
         Scimitar          |       |       |   127 |   361 ||   488
 Invoke: Heroism           |       |       |       |     4 ||     4
  Evoke: Wand              |       |     3 |     4 |    17 ||    24
    Use: Potion            |     2 |       |       |     9 ||    11
         Scroll            |       |     3 |     5 |     7 ||    15
   Stab: Paralysed         |       |     3 |       |       ||     3
 Armour: Scale mail        |    89 |    30 |       |       ||   119
         Chain mail        |       |    69 |       |       ||    69
         Plate armour      |       |    17 |   281 |   456 ||   754
  Dodge: Dodged            |    54 |    55 |    99 |   104 ||   312
  Block: Buckler           |    30 |    37 |    88 |   114 ||   269
